 Dungeon Sprint DCSS version 0.24-a0-217-g1152973 (webtiles) character file.

Game seed: 10862822314063067018

2427 TheOrbIsALie the Fighter (level 9, -1/68 HPs)
             Began as a Gargoyle Transmuter on Mar 29, 2019.
             Was a Believer of Okawaru.
             Splashed by an acid dragon's acid (10 damage)
             ... in the Dungeon (Sprint VII: "The Pits").
             The game lasted 00:03:19 (1006 turns).

TheOrbIsALie the Fighter (Gargoyle Transmuter)      Turns: 1006, Time: 00:03:20

Health: -1/68      AC: 12    Str: 18    XL:     9   Next: 48%
Magic:  9/17       EV: 22    Int: 15    God:    Okawaru [**....]
Gold:   0          SH:  0    Dex: 14    Spells: 18/19 levels left

rFire    . . .     SeeInvis .     - Unarmed
rCold    . . .     Gourm    .   (no shield)
rNeg     + . .     Faith    .   p - +0 leather armour
rPois    ∞         Spirit   .   (no helmet)
rElec    +         Reflect  .   q - +0 cloak
rCorr    .         Harm     .   (no gloves)
MR       .....     NoTele   +   u - +0 pair of boots
Stlth    +++.......             (no amulet)
HPRegen  0.21/turn              r - +3 ring of strength
MPRegen  0.15/turn              s - +3 ring of dexterity

@: appendage, heroism, very slightly contaminated
A: horns 2, negative energy resistance 1, electricity resistance, unbreathing,
petrification resistance, rot immunity, AC +6
a: End Transformation, Heroism, Renounce Religion


You were in the Dungeon.
You worshipped Okawaru.
Okawaru was pleased with you.
You were hungry.
You had grown temporary horns.
You visited 1 branch

Inventory:

Missiles
 a - 12 arrows
Armour
 b - a +0 robe
 o - a +3 chain mail
 p - a +0 leather armour (worn)
 q - a +0 cloak (worn)
 t - a +0 helmet
 u - a +0 pair of boots (worn)
Jewellery
 r - a +3 ring of strength (left hand)
 s - a +3 ring of dexterity (right hand)
Scrolls
 j - a scroll of blinking
 k - 3 scrolls of remove curse
 l - 5 scrolls of amnesia
 m - a scroll of summoning
Potions
 c - 2 potions of invisibility
 e - 8 potions of curing
 f - 13 potions of heal wounds
 g - a potion of haste
 h - 4 potions of magic
 i - 2 potions of berserk rage
 v - a potion of agility
Comestibles
 d - 9 rations
 n - a chunk of flesh


   Skills:
 - Level 13.5(18.5) Fighting
 - Level 10.1(15.1) Dodging
 - Level 9.8(14.8) Unarmed Combat
 + Level 5.6 Spellcasting
 + Level 4.9 Transmutations


You had 18 spell levels left.
You knew the following spells:

 Your Spells              Type           Power        Failure   Level  Hunger
a - Beastly Appendage     Tmut           ###...       2%          1    None

Your spell library contained the following spells:

 Spells                   Type           Power        Failure   Level  Hunger
 Sticks to Snakes         Tmut           ###.....     3%          2    #......
 Spider Form              Tmut/Pois      ##........   21%         3    ###....
 Ice Form                 Ice/Tmut       ##......     54%         4    ####...
 Blade Hands              Tmut           ###.......   56%         5    ######.


Dungeon Overview and Level Annotations

Branches:
Dungeon (1/1)

Altars:
Ashenzari
Cheibriados
Dithmenos
Elyvilon
Fedhas
Gozag
Hepliaklqana
Kikubaaqudgha
Makhleb
Nemelex Xobeh
Okawaru
Qazlal
Ru
Sif Muna
Trog
Uskayaw
Vehumet
Wu Jian
Xom
Yredelemnul
Zin
The Shining One
Beogh
Jiyva
Lugonu


Innate Abilities, Weirdness & Mutations

You are resistant to torment.
Your stone body is resilient. (AC +6)
You are immune to poison.
You resist negative energy. (rN+)
You are resistant to electric shocks. (rElec)
You can survive without breathing.
You are immune to petrification.
You are immune to rotting.
You have a pair of horns on your head.


Message History

You barely miss the acid dragon. The acid dragon bites you!
The acid dragon closely misses you.
Your leather armour prevents you from hitting the acid dragon.
The acid dragon bites you!
* * * LOW HITPOINT WARNING * * *
The acid dragon completely misses you.
You pummel the acid dragon!!
The acid dragon is severely wounded.
You closely miss the acid dragon.
The acid dragon is severely wounded.
The acid dragon closely misses you. The acid dragon claws you.
* * * LOW HITPOINT WARNING * * *
You hit the acid dragon but do no damage.
The acid dragon is severely wounded.
Something closely misses you. The acid dragon spits acid at you.
The splash of acid hits you.
* * * LOW HITPOINT WARNING * * *
You are splashed with acid!
You die...

.##.........÷......#
)#####'#####''######
)##.......##''### ###
)##.......##....##..+
.##.......##...##...#
###...<...##..##...#
.##.......##..#...#
.##.......##..'..##
###.......##.##.@#
.#############.D.+
########### #....#
#....#..[[##..#..#
#....#....##.###..
'....'..))### ##..
#(...#..))# ..
#....#..))# ..
###########


You could see an acid dragon.

Vanquished Creatures
  A deep elf mage (D)
  A cyclops (D)
  A spiny frog (D)
  A freezing wraith (D)
  A flying skull (D)
  2 ynoxinuls (D)
  A tarantella (D)
  2 floating eyes (D)
  A bullfrog (D)
  A small abomination (D)
  A crimson imp (D)
  A gnoll shaman (D)
  Crazy Yiuf (D)
  A gnoll (D)
  3 river rats (D)
  An adder zombie (D)
  2 oozes (D)
  A leopard gecko (D)
  An orc (D)
  A bat (D)
  2 ball pythons (D)
  A rat (D)
28 creatures vanquished.

Notes
Turn   | Place    | Note
-------+----------+-------------------------------------------
     0 | D        | TheOrbIsALie the Gargoyle Transmuter began the quest for
                  | the Orb.
     0 | D        | Reached XP level 1. HP: 12/12 MP: 3/3
     9 | D        | Noticed a floating eye
    13 | D        | Paralysed by a floating eye for 2 turns
    16 | D        | Killed a floating eye
    16 | D        | Reached XP level 2. HP: 16/16 MP: 3/5
    16 | D        | Reached XP level 3. HP: 20/20 MP: 3/6
    16 | D        | Reached XP level 4. HP: 25/25 MP: 3/7
    44 | D        | Found a bloodstained altar of Trog.
    44 | D        | Found a deep blue altar of Sif Muna.
    44 | D        | Found a viscous altar of Jiyva.
    44 | D        | Found a hazy altar of Hepliaklqana.
    44 | D        | Found an opulent altar of Gozag.
    45 | D        | Found a glowing golden altar of the Shining One.
    45 | D        | Found a glowing silver altar of Zin.
    45 | D        | Found a basalt altar of Yredelemnul.
    45 | D        | Found a shimmering altar of Xom.
    45 | D        | Found an ornate altar of the Wu Jian Council.
    45 | D        | Found a sacrificial altar of Ru.
    45 | D        | Found a stormy altar of Qazlal.
    45 | D        | Found an iron altar of Okawaru.
    45 | D        | Found a sparkling altar of Nemelex Xobeh.
    45 | D        | Found a burning altar of Makhleb.
    45 | D        | Found a blossoming altar of Fedhas.
    45 | D        | Found a white marble altar of Elyvilon.
    45 | D        | Found a shadowy altar of Dithmenos.
    45 | D        | Found a snail-covered altar of Cheibriados.
    47 | D        | Found a radiant altar of Vehumet.
    47 | D        | Found a corrupted altar of Lugonu.
    47 | D        | Found a roughly hewn altar of Beogh.
    48 | D        | Found a hide-covered altar of Uskayaw.
    48 | D        | Found an ancient bone altar of Kikubaaqudgha.
    48 | D        | Found a shattered altar of Ashenzari.
    52 | D        | Became a worshipper of Warmaster Okawaru
    75 | D        | Reached XP level 5. HP: 26/30 MP: 8/8
    76 | D        | Reached skill level 2 in Fighting
   118 | D        | Noticed a floating eye
   118 | D        | Noticed a deep elf mage
   121 | D        | Killed a floating eye
   121 | D        | Reached skill level 7 in Fighting
   130 | D        | Noticed a fire elemental
   131 | D        | Killed a deep elf mage
   131 | D        | Reached * piety under Okawaru
   131 | D        | Reached skill level 13 in Fighting
   131 | D        | Reached XP level 6. HP: 16/52 MP: 9/9
   131 | D        | Reached XP level 7. HP: 17/57 MP: 10/10
   369 | D        | Noticed a flying skull
   385 | D        | Killed a flying skull
   396 | D        | Reached skill level 5 in Dodging
   396 | D        | Reached XP level 8. HP: 35/63 MP: 9/11
   402 | D        | Reached ** piety under Okawaru
   608 | D        | Noticed a tarantella
   616 | D        | Killed a tarantella
   620 | D        | Noticed Crazy Yiuf
   630 | D        | Killed Crazy Yiuf
   736 | D        | Noticed a cyclops
   736 | D        | Noticed a spiny frog
   743 | D        | Killed a spiny frog
   749 | D        | Killed a cyclops
   749 | D        | Reached skill level 10 in Dodging
   749 | D        | Reached XP level 9. HP: 37/68 MP: 9/12
   987 | D        | Noticed a freezing wraith
   996 | D        | Killed a freezing wraith
   996 | D        | Reached skill level 5 in Spellcasting
  1006 | D        | Splashed by an acid dragon's acid

Levels and vault maps discovered:
D:        pitsprint [storerooms_1, entrance_room_1, metal_vault_7, armoury_1,
          mini_pit_1, grid_room_1, main_hall_1, silver_pit, the_coven_3,
          the_vestibule_1, steel_vault_3, golden_pit, hallway_of_sentries,
          crystal_vault_6, iron_vault_3, final_vault]

Skill      XL: |  1  2  3  4  5  6  7  8  9 |
---------------+----------------------------+-----
Unarmed Combat | 9 |  9.8
Fighting       | 13 | 13.5
Dodging        | 5 10 | 10.1
Transmutations | 4 |  4.9
Spellcasting   | 5 |  5.6

Action                   |  1- 3 |  4- 6 |  7- 9 || total
-------------------------+-------+-------+-------++-------
Melee: Unarmed           |     4 |    15 |    77 ||    96
       Kick              |     1 |       |       ||     1
       Headbutt          |       |     4 |    10 ||    14
       Punch             |       |       |     4 ||     4
 Cast: Beastly Appendage |     1 |     2 |     7 ||    10
Invok: Heroism           |       |       |     6 ||     6
  Use: Potion            |       |     1 |     2 ||     3
Armor: Robe              |       |     3 |     4 ||     7
       Leather armour    |       |       |     2 ||     2
Dodge: Dodged            |       |    11 |    40 ||    51

Table legend:
 A = Non-vault XP
 B = Vault XP
 C = Vault XP percentage of total XP
 D = Non-vault monster count
 E = Vault monster count
 F = Vault count percentage of total count
                 A         B        C        D         E       F
            +---------+---------+-------+---------+---------+-------
      Total |       0 |    3468 | 100.0 |       0 |      28 | 100.0
            +---------+---------+-------+---------+---------+-------
          D |       0 |    3468 | 100.0 |       0 |      28 | 100.0
            +---------+---------+-------+---------+---------+-------
